 Dungeon Crawl Stone Soup version 0.27.1-2-g3b301248ec (webtiles) character file.

Game seed: 8586753911837615655

92 AZSletch the Ruffian (level 4, 0/36 HPs)
             Began as a Draconian Transmuter on Oct 2, 2021.
             Was an Initiate of Qazlal.
             Slain by a sky beast (6 damage)
             ... on level 4 of the Dungeon.
             The game lasted 00:12:21 (3855 turns).

AZSletch the Ruffian (Draconian Transmuter)         Turns: 3855, Time: 00:12:22

Health: 0/36       AC:  5    Str: 14    XL:     4   Next: 35%
Magic:  4/7        EV: 12    Int: 13    God:    Qazlal [......]
Gold:   132        SH:  0    Dex: 11    Spells: 2/8 levels left

rFire    + . .     SeeInvis .     - Unarmed
rCold    . . .     Faith    .   (no shield)
rNeg     . . .     Spirit   .   (armour unavailable)
rPois    .         Reflect  .   (helmet currently unavailable)
rElec    .         Harm     .   (no cloak)
rCorr    .         Rampage  .   (no gloves)
Will     .....                  (boots currently unavailable)
Stlth    +.........             (no amulet)
HPRegen  0.12/turn              t - ring of protection from fire
MPRegen  0.10/turn              (no ring)

@: appendages (expiring), wereblooded
A: horns 2, talons 2, AC +5, unfitting armour, cold-blooded
a: End Transformation, Renounce Religion


You were on level 4 of the Dungeon.
You worshipped Qazlal.
Qazlal was noncommittal.
You had temporarily grown beastly horns and talons.
You visited 1 branch of the dungeon, and saw 5 of its levels.

You collected 132 gold pieces.

Inventory:

Hand Weapons
 n - a +0 dagger of pain
 u - a +0 hunting sling
Missiles
 a - 155 stones (quivered)
 d - 24 sling bullets
 h - 4 javelins
Armour
 b - a +1 pair of gloves
Magical Staves
 i - a staff of death
Jewellery
 t - a ring of protection from fire (left hand)
Wands
 s - a wand of mindburst (11)
Scrolls
 c - 2 scrolls of acquirement {unknown}
 e - 3 scrolls of teleportation {unknown}
 g - 6 scrolls of identify {unknown}
 j - 2 scrolls of silence {unknown}
 l - 2 scrolls of magic mapping {unknown}
 o - a scroll of holy word {unknown}
 p - a scroll of vulnerability {unknown}
 q - a scroll of enchant weapon {unknown}
 v - a scroll of immolation {unknown}
 x - a scroll of blinking {unknown}
Potions
 f - 2 potions of heal wounds {unknown}
 k - a potion of flight {unknown}
 m - 2 potions of curing
 r - a potion of berserk rage {unknown}
 w - a potion of ambrosia {unknown}


   Skills:
 + Level 2.0 Fighting
 + Level 2.3 Dodging
 + Level 3.4 Unarmed Combat
 + Level 2.5 Spellcasting
 + Level 2.6 Transmutations
 + Level 0.8 Poison Magic
 * Level 0.8 Invocations


You had 2 spell levels left.
You knew the following spells:

 Your Spells              Type           Power      Damage    Failure   Level
a - Beastly Appendage     Tmut           16%        N/A       9%          1
b - Wereblood             Tmut           8%         N/A       12%         2
c - Spider Form           Tmut/Pois      3%         N/A       34%         3

Your spell library contained the following spells:

 Spells                   Type           Power      Damage    Failure   Level
 Animate Skeleton         Necr           2%         N/A       24%         1
 Apportation              Tloc           2%         N/A       24%         1
 Corona                   Hex            1%         N/A       24%         1
 Magic Dart               Conj           4%         1d3       24%         1
 Summon Small Mammal      Summ           4%         N/A       24%         1
 Searing Ray              Conj           2%         3d3       36%         2
 Portal Projectile        Hex/Tloc       2%         N/A       58%         3
 Summon Guardian Golem    Hex/Summ       1%         N/A       58%         3
 Ice Form                 Ice/Tmut       5%         N/A       80%         4
 Blade Hands              Tmut           4%         N/A       92%         5
 Fulminant Prism          Conj/Hex       0%         3d6       94%         4
 Excruciating Wounds      Necr           0%         N/A       100%        5
 Orb of Destruction       Conj           0%         N/A       100%        7
 Spellforged Servitor     Conj/Summ      0%         N/A       100%        7


Dungeon Overview and Level Annotations

Branches:
Dungeon (5/15)             Temple (0/1) D:4

Altars:
Qazlal

Annotations:
D:2 Sigmund


Innate Abilities, Weirdness & Mutations

You have temporarily grown beastly horns and talons.
Your plain brown scales are hard. (AC +5)
You cannot fit into any form of body armour.
You are cold-blooded and may be slowed by cold attacks.


Message History

The sky beast barely misses you.
An orc wizard comes into view. It is wielding a +2 dagger of speed.
Casting: Beastly Appendage (safe; 9% risk of failure)
Confirm with . or Enter, or press ? or * to list all spells.
Your blood is infused with primal strength.
The orc wizard shouts!
The sky beast misses you.
The orc wizard mumbles some strange words.
The orc wizard flickers and vanishes!
Deactivating autopickup; reactivate with Ctrl-A.
The sky beast flickers out of sight!
Your transformation is almost over.
There is a stone staircase leading up here.
Something hits you. Something shocks you.
You climb upwards.
Reactivating autopickup.
There is a stone staircase leading down here.
Deactivating autopickup; reactivate with Ctrl-A.
You miss something. Your kick misses something.
Something hits you but does no damage.
You miss something. Your kick misses something. Something hits you.
Something shocks you.
You hit something. Your kick misses something. Your headbutt misses something.
Something barely misses you.
You hit something. You tail-slap something. Something barely misses you.
You miss something. You claw something. Something hits you but does no damage.
You closely miss something. Your kick misses something.
Your horns disappear.
Your talons disappear.
Something hits you but does no damage.
Casting: Wereblood (safe; 12% risk of failure)
Confirm with . or Enter, or press ? or * to list all spells.
You grow a pair of large bovine horns.
Your feet morph into talons.
Your transformation is almost over.
Something hits you. Something shocks you.
* * * LOW HITPOINT WARNING * * *
You barely miss something. Your kick misses something.
Your headbutt misses something. Something hits you.
* * * LOW HITPOINT WARNING * * *
Something shocks you.
You die...

......##......# #.####.#
.##.#....####.######......#
....#.##.## #.##......#####
.#........###.##.####.#
.#.##.##......##.# #.#
.........#######.# #.#
###.##.### #.# #.# .......#
#.# #.# ###.#### #@# #.#
#.# #{# #.# #.# #.####.####
#.# ##........<# #.#
#########.......##.#
###.###...........######.#
....)...........#.# #.#
#######.#########.# #.#
#### #.# #.# #.#


There were no monsters in sight!

Vanquished Creatures
  3 adders
  A shadow imp (D:5)
  An adder skeleton (D:4)
  3 dart slugs
  5 ball pythons
  4 endoplasms (D:2)
  A giant cockroach (D:3)
  5 goblins
  4 hobgoblins
  A quokka (D:1)
  5 bats
  4 frilled lizards
  7 kobolds
  8 rats
52 creatures vanquished.

Notes
Turn   | Place    | Note
-------+----------+-------------------------------------------
     0 | D:1      | AZSletch the Draconian Transmuter began the quest for the
                  | Orb.
     0 | D:1      | Reached XP level 1. HP: 16/16 MP: 3/3
   223 | D:1      | Found a faded altar of an unknown god.
   233 | D:1      | Reached XP level 2. HP: 20/23 MP: 3/5
   807 | D:1      | Learned a level 2 spell: Wereblood
   950 | D:1      | Reached XP level 3. HP: 9/29 MP: 3/6
  1388 | D:2      | Learned a level 3 spell: Spider Form
  1439 | D:2      | Noticed Sigmund
  1635 | D:2      | Found a stormy altar of Qazlal.
  1657 | D:2      | Became a worshipper of Qazlal Stormbringer
  2468 | D:3      | Reached XP level 4. HP: 36/36 MP: 3/7
  3307 | D:4      | Found a staircase to the Ecumenical Temple.
  3811 | D:5      | Entered Level 5 of the Dungeon
  3834 | D:5      | Noticed a sky beast
  3855 | D:4      | Slain by a sky beast

Illustrated notes

Levels and vault maps discovered:
D:1:      minmay_arrival_split_and_join, layout_loops_cross,
          shapermc_ecumenical_altar_pompeii
D:2:      layout_loops_cross, basic_altar, uniq_sigmund
D:3:      layout_loops_corners, minmay_misc_feat_plants,
          hangedman_decor_peaks_small
D:4:      layout_loops_ring, minmay_temple_entry_ruins,
          chequers_decorated_corner
D:5:      layout_rooms

Skill      XL: |  1  2  3 |
---------------+----------+-----
Dodging        | 2 |  2.3
Fighting       | 2 |  2.0
Unarmed Combat | |  3.4
Spellcasting   | |  2.5
Transmutations | |  2.6
Poison Magic   | |  0.8
Invocations    | |  0.8

Action                   |  1- 3 |  4- 6 || total
-------------------------+-------+-------++-------
Melee: Unarmed           |   100 |    39 ||   139
       Kick              |    14 |     4 ||    18
       Headbutt          |     8 |     5 ||    13
       Tailslap          |     7 |     5 ||    12
Throw: Stone             |    11 |    19 ||    30
 Cast: Beastly Appendage |    34 |     8 ||    42
       Wereblood         |     4 |     4 ||     8
  Use: Potion            |     1 |       ||     1
 Stab: Sleeping          |     1 |       ||     1
Armor: Skin              |    28 |    13 ||    41
Dodge: Dodged            |    56 |    21 ||    77
